[Event "5th Baskent University Open 2022"]
[Site "Ankara"]
[Date "2022.07.05"]
[Round "6.14"]
[White "Khoder, Akram"]
[Black "Ipek, Egehan"]
[Result "1/2-1/2"]
[ECO "E07"]
[WhiteElo "2038"]
[BlackElo "2196"]
[Annotator "TA"]
[PlyCount "117"]
[EventDate "2022.07.02"]
[EventType "swiss"]
[EventCountry "TUR"]
[SourceTitle "playchess.com"]
[Source "ChessBase"]
[SourceQuality "1"]
[TimeControl "5400+30"]

1. d4 {[%emt 0:01:00] ChessBase II} d5 2. c4 c6 3. Nf3 Nf6 4. g3 e6 5. Bg2 Be7 6. Nc3 Nbd7 7. O-O O-O 8. Qd3 b6 9. e4 Ba6 10. b3 dxc4 {[%emt 0:10:30] E07: Closed Catalan: Main Line (5 Nf3 0-0 6 0-0 Nbd7).} 11. bxc4 Nc5 {[%emt 0:00:30] [#]} 12. Qc2 $146 ({Predecessor:} 12. Qe2 Nb7 13. Be3 Ng4 14. Rad1 Na5 15. Nd2 Nxe3 16. fxe3 e5 17. d5 Qd6 18. Rc1 {0-1 (35) Abenius,J-Ackerley,L Switzerland 1992 Corr Nr. 1 [ChessBase II]}) 12... Nb7 {[%emt 0:02:30] White is slightly better.} 13. Rd1 Rc8 (13... Bxc4 $14 14. Ne5 Na5) 14. e5 Nd7 15. Ne4 {[%emt 0:00:30] White is more active.} Na5 16. c5 bxc5 17. dxc5 (17. Nxc5 $6 Nxc5 18. dxc5 Qc7 $14) 17... Bc4 18. Nfg5 $1 g6 {[%emt 0:07:30] [#]} 19. Nxh7 $1 Kxh7 20. Qd2 Rh8 (20... Bd5 21. Qh6+ Kg8 22. Ng5 Bxg5 23. Bxg5) (20... Kg8 {is a better defense.}) 21. Qxd7 $18 Bd5 22. Qxd8 (22. Qxa7 $6 Nc4 $16) 22... Rcxd8 23. Nd6 Kg7 24. Bf1 {[%emt 0:00:59] Prevents Nc4. Bd2 is the strong threat.} Rb8 25. Ba6 f6 26. Bd2 $2 {[%emt 0:00:56] [#]} (26. Rd4 $18) 26... Rxh2 $1 $17 27. f3 {[%emt 0:01:44] [#]} (27. Kxh2 $2 Rh8+) 27... Rbh8 28. Bxa5 {[%emt 0:05:25] And now exf6+ would win.} (28. Bf1 Bxf3) 28... Bxf3 29. Bf1 {[%emt 0:03:23] Against Rg2+} (29. Rd2 $2 Rxd2 30. Bxd2 Rh1+ 31. Kf2 Rxa1 $19) 29... Bxd1 (29... fxe5 $17 {Threatens to win with ...Bg5.} 30. Bd2 Kf8) 30. Rxd1 Rxa2 31. Bc3 {[%emt 0:00:15] This bishop pair is nice.} Rc2 {[%emt 0:00:41] aiming for ...Bxd6.} 32. exf6+ Bxf6 33. Bxf6+ Kxf6 34. Bg2 Ke7 35. Nb7 Rc8 36. Ra1 Rc7 37. Rb1 Rc3 38. Kf2 e5 39. Rb4 Kf6 40. Nd6 Ke6 41. Rg4 Rc2+ 42. Kg1 Rg7 43. Nc4 $2 (43. Rc4 $11 {and White is okay.} Rxc4 44. Nxc4) 43... Rc1+ $19 44. Kf2 g5 ({Black should try} 44... Rf7+ $17 45. Ke2 Rc2+ 46. Nd2 Rxd2+ $1 47. Kxd2 Rf2+ 48. Ke3 Rxg2 49. Rxg6+ Kd5) 45. Re4 (45. Bxc6 $11 Rc7 46. Ba4) 45... Rf7+ $15 46. Ke3 {[%emt 0:00:50] [#]} Rc3+ $1 47. Ke2 ({Much weaker is} 47. Kd2 $6 {[#]} Rxc4 $1 48. Bh3+ Kd5 49. Rxc4 Kxc4) 47... Rc2+ ({Don't play} 47... Rxg3 $6 48. Rxe5+ Kf6 49. Bxc6 $11) 48. Nd2 Rb7 49. Rc4 $1 Ra2 50. Rc3 ({Wrong is} 50. Bxc6 $2 Rbb2 51. Ke3 Rxd2 $19) 50... Rbb2 ({Black should play} 50... Rh7 $15 51. Rd3 Rh2) 51. Rd3 $11 Rc2 52. Bxc6 Rxc5 53. Bf3 a5 54. Ke3 a4 55. Ne4 Rc1 {[%emt 0:00:00] ( -> ...Re1+)} 56. Bg4+ Ke7 57. Rd7+ Kf8 {[%emt 0:00:00] Hoping for ...Re1+.} 58. Rd8+ {[%emt 0:00:00][%mdl 1024] White has compensation.} (58. Nxg5 $5 Re1+ 59. Kf3 Ra3+ 60. Kf2 $11) 58... Ke7 59. Rd7+ {[%emt 0:00:00] Weighted Error Value: White=0.25 (precise) /Black=0.18 (very precise)} 1/2-1/2

[Event "5th Baskent University Open 2022"]
[Site "Ankara"]
[Date "2022.07.05"]
[Round "6.15"]
[White "Ozkan, Taha"]
[Black "Yerden, Huseyin Eren"]
[Result "1-0"]
[ECO "A47"]
[WhiteElo "2357"]
[BlackElo "2050"]
[Annotator "TA"]
[PlyCount "83"]
[EventDate "2022.07.02"]
[EventType "swiss"]
[EventCountry "TUR"]
[SourceTitle "playchess.com"]
[Source "ChessBase"]
[SourceQuality "1"]
[TimeControl "5400+30"]

1. d4 Nf6 2. Nf3 e6 3. e3 b6 4. Bd3 c5 5. O-O Bb7 6. b3 Be7 7. Bb2 O-O 8. Nbd2 Nc6 9. a3 Rc8 10. c4 {[%emt 0:02:30] A47: 1 d4 Nf6 2 Nf3 b6: Torre, London and Colle Systems.} Qc7 11. Rc1 Qb8 (11... cxd4 $11 12. exd4 d5) 12. Qe2 {[%emt 0:02:30] White is slightly better.} (12. d5 $5 exd5 13. Bxf6 Bxf6 14. cxd5 $11) 12... Rfd8 {[%emt 0:00:30] [#]} (12... cxd4 $11 13. exd4 d5) 13. Rfd1 $146 (13. d5 $1 $16 ) ({Predecessor:} 13. e4 cxd4 14. e5 Ne8 {½-½ (14) Weemaes,R (2314)-Maas,T (2061) Belgium 2003}) 13... h6 14. Bb1 {[%emt 0:00:00][%cal Od4d5] d5! is the strong threat.} (14. d5 $5 exd5 15. cxd5 Nxd5 16. Ne4 $11) 14... d5 15. dxc5 bxc5 16. cxd5 exd5 17. Qd3 c4 (17... g6 $11 {remains equal.}) 18. bxc4 $16 dxc4 19. Qc2 (19. Qxc4 Nd4 $1 20. Qf1 Bxf3 21. Rxc8 Rxc8 $15) 19... Ba6 20. Ba2 (20. Nxc4 $6 Bxc4 21. Bxf6 Bxf6 $11) ({White should play} 20. Bxf6 $16 {Intending Qh7+ and mate.} Bxf6 21. Qh7+ (21. Nxc4 Bxc4 22. Qxc4 Nd4 $11) 21... Kf8 22. Bf5) 20... Na5 21. Bc3 Nb3 22. Rb1 Qc7 23. Be5 $1 (23. Nxb3 Rxd1+ 24. Qxd1 (24. Rxd1 $2 cxb3 25. Qxb3 Qxc3 $19) 24... cxb3 25. Rxb3 (25. Qxb3 $2 Qxc3 26. Qxf7+ Kh7 $19) 25... Bc4 $17) 23... Qa5 {[%emt 0:03:30] aiming for ...Nxd2.} 24. Nxb3 Rxd1+ {[%emt 0:01:30] Black is now going downhill.} (24... cxb3 $14 25. Rxd8+ (25. Qxb3 Bc4 $16) 25... Qxd8 26. Qxb3 Bc4) 25. Qxd1 cxb3 26. Qxb3 Bc4 27. Qb7 Qa6 {[%emt 0:06:30] Hoping for ...Qxb7.} 28. Bxc4 {[%emt 0:02:16] White is more active.} ({Don't take} 28. Qxe7 Bxa2 29. Re1 Re8 $16) 28... Qxc4 (28... Qxb7 $16 29. Rxb7 Rxc4) 29. h3 $18 ({Avoid the trap} 29. Qxe7 $2 {[#]} Qc1+ $3 30. Ne1 Qxb1 $19) 29... Bxa3 30. Bxf6 gxf6 31. Qxa7 Bd6 {[%emt 0:00:31][%cal Oc4c1] Threatens to win with ...Qc1+!} 32. Rd1 {[%emt 0:01:07] Prevents Qc1.} Be5 33. Qd7 Qc2 $2 (33... Qe6 34. Nxe5 fxe5 35. Qxe6 fxe6) 34. g3 (34. Nxe5 $142 fxe5 35. Rd6) 34... Rb8 35. Kg2 h5 36. Qd3 Qa4 (36... Qxd3 $142 37. Rxd3 Rb5) 37. Rb1 Rc8 38. Qf5 Qa8 (38... Qc2 39. Qxh5 Qg6) 39. Qxh5 Rc2 40. Qg4+ Kh8 41. Qf5 Qa2 {[%emt 0:01:23] [#]} (41... Qc6 $142 42. Rd1 Bc7) 42. Nxe5 $1 {[%emt 0:00:45] Weighted Error Value: White=0.30/Black=0.47} 1-0

[Event "5th Baskent University Open 2022"]
[Site "Ankara"]
[Date "2022.07.05"]
[Round "6.16"]
[White "Primbetov, Marat"]
[Black "Unver, Cumali"]
[Result "0-1"]
[ECO "C90"]
[WhiteElo "2186"]
[BlackElo "2046"]
[Annotator "TA"]
[PlyCount "66"]
[EventDate "2022.07.02"]
[EventType "swiss"]
[EventCountry "TUR"]
[SourceTitle "playchess.com"]
[Source "ChessBase"]
[SourceQuality "1"]
[TimeControl "5400+30"]

1. e4 e5 2. Nf3 Nc6 3. Bb5 a6 4. Ba4 Nf6 5. d3 b5 6. Bb3 Be7 7. O-O d6 8. c3 O-O 9. Nbd2 Na5 10. Bc2 c5 11. Re1 Nc6 12. Nf1 Nd7 13. Ng3 Nb6 14. h3 Re8 15. d4 {[%emt 0:03:00] C90: Closed Ruy Lopez with 7...d6: Early deviations.} cxd4 16. cxd4 {[%emt 0:00:30] [#]} Bd7 $146 ({Predecessor:} 16... exd4 17. Nxd4 Nxd4 18. Qxd4 Bf6 19. Qd1 g6 20. Rb1 {½-½ (20) Fedorowicz,J (2470)-Bhat,V (2481) Tulsa 2008}) 17. Nf5 (17. d5 $14 Nb4 18. Bb1) 17... Bxf5 $11 18. exf5 Nxd4 19. Nxd4 exd4 20. Qxd4 {[%emt 0:01:30][%cal Of5f6] [#] aiming for f6!} Nc4 21. Rb1 Bf6 22. Qd1 (22. Rxe8+ $11 Qxe8 23. Qd1) 22... Qa5 $15 23. Re2 Qxa2 24. g4 h6 {[%emt 0:05:30] Against g5. White must now prevent ...Rxe2. Black is much more active.} ({Much less strong is} 24... Bxb2 25. f6 $16) (24... Nxb2 $2 25. Bxb2 Rxe2 26. Qxe2 $18) 25. f4 $2 {[%emt 0:05:30] White does not recover from this.} (25. b3 $15 Rxe2 26. Qxe2) 25... Nxb2 26. Bxb2 Bxb2 27. Be4 {[%emt 0:03:48] [#]} (27. Kf1 {might work better.} Qa3 28. Qd3) 27... Qc4 $1 $19 28. Rbxb2 (28. Qd3 Bd4+) 28... Rxe4 29. Rxe4 (29. Rec2 {is a better defense.} Qd4+ 30. Qxd4 Rxd4 31. Kf2) 29... Qxe4 30. Qxd6 {[%emt 0:00:00] KQR-KQR} Rc8 {[%emt 0:00:00] ( -> ...Rc1+)} 31. Rf2 Rc1+ {[%emt 0:00:00] Black mates.} 32. Rf1 Qe3+ 33. Kg2 Rc2+ {[%emt 0:00:30] Weighted Error Value: White=1.04/Black=0.13 (very precise)} 0-1

[Event "5th Baskent University Open 2022"]
[Site "Ankara"]
[Date "2022.07.05"]
[Round "6.17"]
[White "Cakiroglu, Metin"]
[Black "Primbetov, Kazbek"]
[Result "1/2-1/2"]
[ECO "D34"]
[WhiteElo "2068"]
[BlackElo "2147"]
[Annotator "TA"]
[PlyCount "76"]
[EventDate "2022.07.02"]
[EventType "swiss"]
[EventCountry "TUR"]
[SourceTitle "playchess.com"]
[Source "ChessBase"]
[SourceQuality "1"]
[TimeControl "5400+30"]

1. c4 e6 2. g3 c5 3. Bg2 Nc6 4. Nf3 d5 5. cxd5 exd5 6. d4 Nf6 7. O-O Be6 8. Nc3 Be7 9. dxc5 Bxc5 10. Na4 Be7 11. Be3 O-O 12. Rc1 Ne4 13. Nd4 {[%emt 0:04:30] D34: Tarrasch Defence: 6 g3 Nf6 7 Bg2 Be7.} Nxd4 14. Bxd4 Qa5 15. a3 {[%emt 0:02:00] White is slightly better.} Rac8 16. Nc3 f5 {[%emt 0:18:30] [#]} 17. Qd3 $146 ({Predecessor:} 17. f3 Nxc3 18. Rxc3 Rxc3 19. Bxc3 Qb6+ 20. Kh1 Bc5 21. Be5 Be3 22. Qa4 d4 23. Qb4 Qxb4 24. axb4 Bd5 25. Bxd4 Bxd4 26. Rd1 Bxb2 {½-½ (27) Korpics,Z (2330)-Volosin,V (2285) Szeged 1993}) 17... Rc4 18. Qe3 ({White should try} 18. Rcd1 $16) 18... Bg5 $11 19. f4 Bf6 20. Bxf6 Rxf6 21. Rfd1 {[%emt 0:02:30] Inhibits d4.} h6 22. Rd3 Bf7 23. Rcd1 Qb6 (23... Nxc3 $11 24. Rxc3 Rxc3 25. Qxc3 Qxc3 26. bxc3 Ra6) 24. Qxb6 Rxb6 25. Nxd5 Bxd5 26. Rxd5 Rxb2 27. Rxf5 {[%emt 0:05:30] aiming for Bf3.} Nc3 {[%emt 0:00:36] [#]} 28. Bd5+ (28. Re5 $1 $16) 28... Nxd5 {[%emt 0:00:39] The position is equal.} 29. Rfxd5 Rxe2 {[%emt 0:00:18][%mdl 4096] Endgame ...Rcc2 is the strong threat. KRR-KRR} 30. R5d2 Re3 31. Rd3 Re2 32. R3d2 Rxd2 33. Rxd2 {[%emt 0:00:00] KR-KR} Rc3 34. Rd7 Rxa3 35. Rxb7 Ra2 36. g4 a5 37. Ra7 Ra4 38. h3 Rxf4 {[%emt 0:00:48] Weighted Error Value: White=0.14 (very precise) /Black=0.14 (very precise)} 1/2-1/2

[Event "5th Baskent University Open 2022"]
[Site "Ankara"]
[Date "2022.07.05"]
[Round "6.18"]
[White "Cansu, Batuhan"]
[Black "Kocak, Can"]
[Result "1/2-1/2"]
[ECO "A49"]
[WhiteElo "2083"]
[BlackElo "2057"]
[Annotator "TA"]
[PlyCount "96"]
[EventDate "2022.07.02"]
[EventType "swiss"]
[EventCountry "TUR"]
[SourceTitle "playchess.com"]
[Source "ChessBase"]
[SourceQuality "1"]
[TimeControl "5400+30"]

1. d4 g6 2. Nf3 Bg7 3. g3 Nf6 4. Bg2 O-O 5. O-O d6 6. b3 c5 7. Bb2 cxd4 8. Nxd4 d5 9. c4 e5 {[%emt 0:00:00] A49: 1 d4 Nf6 2 Nf3 g6 3 g3: Anti-King's Indian systems.} 10. Nf3 e4 11. Nd4 dxc4 {[%emt 0:00:00] White has an edge.} 12. Nd2 cxb3 13. Qxb3 (13. N4xb3 Qe7) 13... Nc6 14. Nxc6 Qxd2 15. Ne7+ Kh8 {[%emt 0:00:00] Strongly threatening ...Be6.} 16. Nxc8 Raxc8 17. e3 {[%emt 0:02:30] [#]} Rc2 $146 (17... Qc2 $11 {keeps the balance.}) ({Predecessor:} 17... Qd3 18. Rfd1 Qxb3 19. axb3 a6 20. Rac1 Kg8 21. Bxf6 Bxf6 22. Bxe4 b5 23. Rxc8 Rxc8 {½-½ (37) Malakhov,V (2654)-Amin,B (2709) Zagreb 2018}) 18. Rad1 $16 Qe2 19. Bxf6 (19. Ba3 Rg8 20. Qxf7) (19. Ba3 {looks sharper.} Rb8 20. Qxf7 Qc4 21. Qe7) 19... Bxf6 20. Qxb7 (20. Rd7 {keeps more tension.} Kg7 21. Bxe4 Rb2 22. Qd5) 20... Rxa2 21. Bxe4 Qb2 22. Rb1 Qxb7 23. Rxb7 a5 24. Bd5 Rd2 25. Rxf7 Rxf7 26. Bxf7 $14 {[%emt 0:00:30][%mdl 4096] Endgame KRB-KRB} a4 27. Rc1 a3 28. Rc8+ Kg7 29. Rc7 Be5 30. Ra7 {[%emt 0:00:30] Threatens to win with Bc4+.} Kf6 31. Bg8 Bd6 32. Kg2 h5 33. h4 Bc5 34. Rc7 Bd6 35. Rc6 Kg7 {[%emt 0:03:30] The position is equal.} 36. Be6 Bb4 ({Not} 36... a2 {[#]} 37. Bxa2 $1 Bxg3 38. Kxg3 $16) 37. Ra6 Rc2 38. g4 hxg4 39. Bxg4 Be1 40. Rxa3 Bxf2 41. Kh3 Be1 42. Ra7+ Kh6 43. Re7 Rc3 44. h5 gxh5 45. Re6+ Kg7 46. Bxh5 Bd2 47. Kg2 Rxe3 48. Rxe3 Bxe3 {[%emt 0:00:25] Weighted Error Value: White=0.04 (flawless) /Black=0.07 (flawless)} 1/2-1/2

[Event "5th Baskent University Open 2022"]
[Site "Ankara"]
[Date "2022.07.05"]
[Round "6.19"]
[White "Eke, Salih"]
[Black "Cevizci, Yusuf Baran"]
[Result "1-0"]
[ECO "E10"]
[WhiteElo "2195"]
[BlackElo "2144"]
[Annotator "TA"]
[PlyCount "110"]
[EventDate "2022.07.02"]
[EventType "swiss"]
[EventCountry "TUR"]
[SourceTitle "playchess.com"]
[Source "ChessBase"]
[SourceQuality "1"]
[TimeControl "5400+30"]

1. d4 Nf6 2. c4 e6 3. Nf3 c5 4. d5 b5 5. dxe6 fxe6 6. cxb5 d5 7. Nc3 Bb7 8. e4 $1 {[%emt 0:00:00] E10: Blumenfeld Gambit.} Be7 (8... Nbd7 $1 $14) 9. Ng5 $18 Qd6 {[%emt 0:02:30] [#]} 10. b6 $146 (10. f4 $16 {aiming for e5.} Nbd7 11. e5 Nxe5 12. fxe5 Qxe5+ 13. Qe2 Qxe2+ 14. Nxe2) ({Predecessor:} 10. f4 e5 11. exd5 exf4 12. Bc4 Qe5+ 13. Qe2 Nbd7 14. Ne6 Qxe2+ 15. Bxe2 Kf7 16. Nxf4 {1-0 (25) Oussedik,E (2155)-Quinonez Garcia,S (2379) Medellin 2017}) 10... a6 11. f4 e5 $2 (11... Qxb6 $14 12. f5 (12. e5 Nfd7 $11) 12... O-O) 12. exd5 exf4 13. Qa4+ Nbd7 14. Bxf4 Qxb6 15. O-O-O Nh5 $2 (15... O-O 16. d6 Bd8 17. Bc4+ Kh8 18. Nf7+ Rxf7) 16. Ne6 Qb4 17. Be3 Rc8 (17... Qxa4 $142 18. Nxa4 Bd6) 18. Qc2 g6 19. a3 Qb6 20. Be2 Nhf6 21. Bc4 Ne5 22. Qa4+ Nfd7 23. d6 Bf6 24. Nc7+ Kd8 25. Be6 {[%emt 0:01:30] Threatens to win with Bxd7.} Bc6 26. Qf4 Rb8 27. Qf2 Rf8 (27... Qa5 $142 28. Rhe1 Ng4 29. Bxg4 Bxc3) 28. Rhf1 Bg7 (28... Kc8 $18 29. Qe2 Kb7) 29. Qh4+ (29. Bg5+ Kc8 30. Qxf8+ (30. N7d5 Bxd5 31. Qxf8+ Bxf8 $11) 30... Bxf8 31. Rxf8+ Kb7 $14) 29... Bf6 30. Qf2 {[%emt 0:01:30] Really sharp!} Bg7 $1 {[%emt 0:00:00] [#]} 31. Qc2 (31. Bg5+ Kc8 32. Qxf8+ (32. N7d5 Bxd5 33. Qxf8+ Bxf8 $11) 32... Bxf8 33. Rxf8+ Kb7 $14) (31. Qxf8+ $1 {[%mdl 512] mates} Bxf8 32. Rxf8+ $1 Nxf8 33. Bg5#) 31... Rxf1 $4 (31... Nd3+ $1 $11 {and Black stays safe.} 32. Kd2 Nxb2 33. Rxf8+ Bxf8 34. Bg5+ Kc8) 32. Rxf1 {[%emt 0:00:30][%cal Ob2b4] Black must now prevent b4!} Qxb2+ (32... Rb7 33. N3d5 Bxd5) 33. Qxb2 Nd3+ 34. Kd1 {[%emt 0:00:30][%cal Ob2b8] White wants to mate with Qxb8+!} Nxb2+ 35. Kd2 $2 (35. Kc2 Nd3 36. Kxd3) 35... Na4 $2 (35... Nc4+ 36. Bxc4 Rb2+ 37. Kc1 Bxc3) 36. Nxa4 Bxa4 37. Rf7 (37. Bg5+ Kc8 $14) 37... Rb2+ 38. Ke1 $2 (38. Kc1 $18 Rc2+ 39. Kb1 Rb2+ 40. Ka1 Rb6+ 41. Rxg7 Rxd6 42. Bxd7 (42. Rxh7 Rd1+ 43. Kb2 Kxc7 $16) 42... Bxd7 43. Na8 (43. Rxh7 Rd1+ 44. Kb2 Kxc7 $16)) 38... Bc3+ $14 39. Kf1 {[%emt 0:00:07][%cal Of7f8] Intending Rf8+! and mate.} Kc8 ({Black should play} 39... Rb1+ $14 40. Kf2 Rb2+ 41. Kg3 Be5+ 42. Bf4 Bxf4+ 43. Kxf4 (43. Rxf4 Bc6 $11) 43... Rf2+ 44. Ke3 Rxf7 45. Bxf7 Kc8) 40. h3 (40. Nxa6 $2 Bb5+ 41. Kg1 Rb1+ 42. Kf2 Rf1+ 43. Kg3 Rxf7 44. Bxf7 Bxa6 $19) (40. Rxh7 $18 a5 41. Nd5) 40... Be5 $1 $11 41. Bxc5 {[%emt 0:02:47] And now Nd5 would win.} Rc2 (41... Bg3 $1 $11 {keeps the balance.}) 42. Be3 $16 {[%emt 0:03:47] Strongly threatening Nd5. 0x0.0005ea79df9edp-1022s more active pieces.} (42. Nxa6 $6 Bh2 43. Bxd7+ Bxd7 $11) 42... Bxd6 (42... Rb2 $16) 43. Nd5 $1 $18 (43. Nxa6 Bb5+ 44. Kg1 Rb2 45. Bxd7+ (45. Rxh7 $2 Rb1+ 46. Bc1 Rxc1+ 47. Kf2 Rf1+ 48. Ke3 Re1+ 49. Kd4 Rxe6 $19) 45... Bxd7 46. Rxh7 Rb1+ 47. Kf2 Rb2+ 48. Kg1 Rb1+ 49. Kf2 Rb2+ 50. Kg1 $11) 43... Bb5+ 44. Kg1 {[%emt 0:00:30] a4 is the strong threat.} Re2 {[%emt 0:02:19] ( -> ...Re1+)} 45. Bxd7+ (45. Rxh7 $2 Re1+ 46. Kf2 Rf1#) 45... Bxd7 46. Nb6+ (46. Rxh7 Bc6 47. Kf1 Rb2 $11) 46... Kc7 47. Bf2 (47. Rxh7 $6 Bg3 48. Rxd7+ Kc6 $16) 47... Kc6 48. Nd5 $4 (48. Rxd7 Bc7 49. Rxh7 (49. Rf7 Rb2 $16) 49... Ra2) (48. Nxd7 $18 {and all is fine.} Rb2 49. g4) 48... Bc7 $2 (48... Be8 $19 49. Nb4+ Bxb4 50. Rf6+ Bd6) 49. Rxd7 Bd6 $4 (49... Kxd7 $19 {avoids the disaster.} 50. Nxc7 Kxc7) 50. Nb6 ({Weaker is} 50. Rxh7 Kxd5 51. Rd7 Ke6 $14) 50... Bc7 {[%emt 0:00:30] [#]} 51. Rf7 ({White should try} 51. Rxh7 $1 Ra2 {[#]} 52. Rxc7+ $1 Kxc7 53. a4) 51... Rxf2 $4 (51... Rb2 $16) 52. Kxf2 {[%emt 0:00:30] White is clearly winning.} (52. Rxf2 Bxb6 53. a4 Bxf2+ 54. Kxf2 Kc5 $19) 52... Bxb6+ 53. Ke2 Bc5 54. a4 h6 55. Rf6+ Kd5 {[%emt 0:00:30] Weighted Error Value: White=1.18/Black=1.19} 1-0

[Event "5th Baskent University Open 2022"]
[Site "Ankara"]
[Date "2022.07.05"]
[Round "6.21"]
[White "Turkmen, Ataberk"]
[Black "Yildiz, Serdar Murat"]
[Result "1-0"]
[ECO "B23"]
[WhiteElo "1935"]
[BlackElo "1736"]
[Annotator "TA"]
[PlyCount "83"]
[EventDate "2022.07.02"]
[EventType "swiss"]
[EventCountry "TUR"]
[SourceTitle "playchess.com"]
[Source "ChessBase"]
[SourceQuality "1"]
[TimeControl "5400+30"]

1. e4 c5 2. Nc3 e6 3. g3 d5 4. d3 Nc6 5. Bg2 Nf6 6. Nge2 Be7 7. O-O d4 8. Nb1 e5 {[%emt 0:01:30] B23: Closed Sicilian: Lines without g3.} 9. h3 {[%emt 0:02:30] [#]} b5 $146 ({Predecessor:} 9... Be6 10. f4 g6 11. Nd2 Qd7 12. fxe5 Nxe5 13. Nf4 O-O 14. Nf3 Bd6 15. Nxe6 Nxf3+ 16. Qxf3 fxe6 {½-½ (59) Kuling,L (2240)-Lombardi,M (2071) Benidorm 2021}) 10. f4 Bb7 {[%emt 0:08:30] Black has an edge.} 11. Nd2 Bd6 12. Nf3 Qc7 (12... Nd7 $11) 13. c3 Rd8 (13... O-O) 14. cxd4 cxd4 15. fxe5 Nxe5 16. Nh4 {[%emt 0:13:30] aiming for Bg5.} (16. Nexd4 $2 Bc5 17. Bf4 Bxd4+ $19) (16. Bg5 $5 ) 16... Bc8 17. Bg5 Ng6 ({Black should try} 17... Be7 $1 $14) 18. Rc1 $36 {[%emt 0:02:00][%mdl 2048] White is on the roll.} (18. Nxd4 $2 Nxh4 19. gxh4 (19. Bxf6 $2 gxf6 20. Nf5 Bc5+ 21. Kh1 Nxf5 $19) 19... Bc5 $19) 18... Qb8 19. Rxf6 gxf6 20. Nxg6 (20. Bxf6 $142 {Strongly threatening Nxg6.} O-O 21. Qd2 (21. Nxd4 Be5 $17) (21. Bxd8 Rxd8 22. Nf5 Be5 $16)) 20... Rg8 {[%emt 0:15:24][%mdl 64] Pin} 21. Bxf6 Rxg6 22. Bxd8 Bxg3 {[%emt 0:01:43][%mdl 8192] [#] Loses the game.} (22... Kxd8 $16 23. g4 (23. Nxd4 $2 Qb6 $19) 23... Bd7) 23. Rxc8 $1 Bh2+ (23... Qxc8 24. Nxg3) 24. Kh1 Qxc8 25. Kxh2 Qb8+ 26. Kh1 Qxd8 27. Nf4 Rg5 28. Qc1 Kf8 29. Nd5 {[%emt 0:00:30] Against Qf6} Rg6 30. Qc5+ Qd6 31. Qxd4 Qg3 {[%emt 0:00:03][%csl Gg6][%cal Rg3g2] [#]} 32. Qb4+ Kg7 33. Qc3+ Kf8 34. Qd2 a5 35. Ne3 Qf4 36. Qc1 Rg5 {[%emt 0:01:52] Against Qc5+} 37. Qc8+ Kg7 38. Nf5+ Kg6 39. Qg8+ {[%emt 0:00:48] White mates.} Kf6 40. Qh8+ Ke6 41. Qc8+ Kf6 42. Qc6+ {[%emt 0:00:11] Weighted Error Value: White=0.13 (very precise) /Black=0.57} 1-0

[Event "5th Baskent University Open 2022"]
[Site "Ankara"]
[Date "2022.07.05"]
[Round "6.22"]
[White "Gursu, Ahmet Burak"]
[Black "Metin, Enis"]
[Result "0-1"]
[ECO "A33"]
[WhiteElo "1533"]
[BlackElo "1750"]
[Annotator "NA RC COMBH"]
[PlyCount "116"]
[EventDate "2022.07.02"]
[EventType "swiss"]
[EventCountry "TUR"]
[SourceTitle "playchess.com"]
[Source "ChessBase"]
[SourceQuality "1"]
[TimeControl "5400+30"]

1. e4 c5 2. Nf3 e6 3. c4 a6 4. Nc3 Qc7 5. g3 Nf6 6. Bg2 Be7 7. O-O O-O 8. b3 Nc6 9. d4 cxd4 10. Nxd4 Bc5 11. Be3 Qe5 12. Nxc6 dxc6 13. Bxc5 Qxc5 14. Na4 Qa5 15. c5 Rd8 16. Qe1 Qxe1 17. Rfxe1 e5 18. Nb6 Rb8 19. Nc4 Re8 20. Rad1 Be6 21. Nd6 Re7 22. f4 g6 23. f5 gxf5 24. Rf1 Nxe4 25. Nxe4 fxe4 26. Bxe4 Ree8 27. Rf6 Kg7 28. Rdf1 Rbd8 29. h4 Rd4 30. Bb1 Red8 31. h5 h6 32. R6f2 Rd1 33. Bf5 Rxf1+ 34. Kxf1 Rd1+ 35. Ke2 Ra1 36. Kd3 Kf6 37. Bxe6+ Kxe6 38. Ke3 Rc1 39. Rd2 Rc3+ 40. Kf2 Rxc5 41. Rd8 e4 42. g4 Rg5 43. Rh8 Rxg4 44. Rxh6+ Ke5 45. Rh7 f5 46. Rxb7 Kf4 47. h6 e3+ 48. Ke2 Rg2+ 49. Kd3 Rd2+ 50. Kc3 Rh2 51. h7 Kf3 52. Re7 f4 53. Kd3 Kf2 54. b4 Rh6 55. a4 Rh1 56. Rf7 f3 57. Re7 e2 58. Kd2 Rxh7 0-1

[Event "5th Baskent University Open 2022"]
[Site "Ankara"]
[Date "2022.07.05"]
[Round "6.23"]
[White "Hamurcu, Mehmet"]
[Black "Buke, Furkan"]
[Result "0-1"]
[ECO "B22"]
[WhiteElo "1532"]
[BlackElo "1979"]
[Annotator "TA"]
[PlyCount "58"]
[EventDate "2022.07.02"]
[EventType "swiss"]
[EventCountry "TUR"]
[SourceTitle "playchess.com"]
[Source "ChessBase"]
[SourceQuality "1"]
[TimeControl "5400+30"]

1. e4 c5 2. c3 d5 3. exd5 Qxd5 4. d4 Nf6 5. Nf3 e6 6. Na3 Nc6 7. Nb5 Qd8 8. dxc5 Bxc5 9. Qxd8+ Kxd8 10. Bf4 Nd5 11. O-O-O Ke7 $1 12. Bg3 {[%emt 0:16:30] B22: Sicilian: 2 c3.} a6 13. c4 {[%emt 0:03:30] [#]} axb5 $146 ({Predecessor:} 13... Nf6 14. Nc3 Rd8 15. Bd3 Bd7 16. a3 a5 17. Rhe1 Nd4 18. Nxd4 Bxd4 19. Nd5+ Nxd5 20. cxd5 {1-0 (75) Nakamura,H (2736)-Fedoseev,V (2704) Chess.com INT 2022}) 14. cxd5 {[%emt 0:00:30] The position is equal.} exd5 15. Rxd5 b6 (15... Rxa2 $11 {and Black has nothing to worry.} 16. Rxc5 Ra1+ 17. Kd2 Rd8+ 18. Ke3 Rdd1) 16. Bxb5 $18 Nb4 17. Re1+ $1 Be6 18. Rd7+ Kf6 19. Be5+ $2 (19. Bh4+ $18 g5 20. Bxg5+ Kg6 21. Rxe6+ $1 fxe6 22. a3) 19... Kg6 $11 20. Bd3+ Nxd3+ 21. Rxd3 Rxa2 22. Bd6 Rc8 {[%emt 0:11:14] Hoping for ...Bb4+.} ({Don't do} 22... Bxf2 23. Rxe6+ $1 fxe6 24. Ne5+ Kh5 25. Rh3+ Bh4 26. g4+ Kg5 27. Be7+ Kf4 28. Nd3+ Kxg4 29. Rxh4+ Kf3 30. Kd2 $16) 23. Ne5+ (23. Bxc5 $15 Rxc5+ 24. Kb1) 23... Kh6 24. Kb1 Rca8 {[%emt 0:03:52] aiming for ...Ra1+.} 25. Kc1 (25. Re4 $15) 25... Rc8 (25... Bxf2 $142 26. Re4 Rc8+ 27. Rc3 Rxc3+ 28. bxc3 Bc5 29. Bxc5 bxc5 30. Rh4+ Kg5 31. Nf3+ Kg6) 26. Kb1 $1 $17 Ra5 ({Black should play} 26... Bxf2 $17 27. Rf1 {[#]} Ra5 $1) 27. b4 $2 (27. Nxf7+ $1 $11 Bxf7 28. Rh3+ Bh5 29. Bxc5 Rcxc5 30. g4) 27... Rb5 $19 28. Bxc5 Rcxc5 ({Avoid the trap} 28... bxc5 $2 29. Rf3 $19 (29. Rd6 $2 g6 $19)) 29. Re4 Rxe5 {[%emt 0:00:17] Weighted Error Value: White=0.64/Black=0.37} 0-1